 Seeded DCSS version 0.26-a0-649-gf8c6c3aab7 (webtiles) character file.

Game seed: 2520501247412517471 (custom seed)

90629 flotson the Thaumaturge (level 16, -9/124 HPs)
             Began as a Gnoll Wanderer on Sept 26, 2020.
             Was the Champion of Fedhas.
             Mangled by a cyan ugly thing (16 damage)
             ... on level 14 of the Dungeon.
             The game lasted 01:13:00 (27938 turns).

flotson the Thaumaturge (Gnoll Wanderer)           Turns: 27938, Time: 01:13:01

Health: -9/124     AC: 20    Str: 27      XL:     16   Next: 1%
Magic:  37/40      EV: 25    Int: 18      God:    Fedhas [******]
Gold:   1944       SH:  0    Dex: 17 (18) Spells: 22/44 levels left

rFire    + + +     SeeInvis +   a - +11 broad axe of Zimo {protect, Int+4 Dex-3 SInv}
rCold    + . .     Faith    +   (no shield)
rNeg     + . .     Spirit   .   i - +4 scale mail of Corupeuf {*Drain MP+9 Dex+5}
rPois    .         Reflect  .   J - +2 helmet
rElec    .         Harm     .   Y - scarf {+Inv}
rCorr    .         Rampage  .   (no gloves)
MR       ++...                  P - +0 pair of boots
Stlth    +++.......             O - amulet of Lady Luck {Faith rF+}
HPRegen  0.30/turn              I - ring of Fored {*Contam rF++ rC+ rN+ MR+ Str+6}
MPRegen  0.27/turn              L - ring of Phasing {EV+8}

@: corroded, protection aura
A: distributed training, fangs 1, hooves 1, fire resistance 1, low mp 1, strong
nose
a: Wall of Briars, Grow Ballistomycete, Overgrow, Grow Oklob, Renounce Religion,
Evoke Invisibility


You were on level 14 of the Dungeon.
You worshipped Fedhas.
Fedhas was exalted by your worship.
You visited 4 branches of the dungeon, and saw 23 of its levels.
You also visited: Bailey and Gauntlet.

You collected 2613 gold pieces.
You spent 669 gold pieces at shops.

Inventory:

Hand Weapons
 a - the +11 broad axe of Zimo (weapon) {protect, Int+4 Dex-3 SInv}
   (You found it on level 7 of the Dungeon)

   It grants its wielder temporary protection when it strikes (+7 to AC).
   It affects your intelligence (+4).
   It affects your dexterity (-3).
   It lets you see invisible.
 b - the +6 arbalest "Damnation" {damnation}
   (You acquired it in a bailey)
 d - the +4 whip of Instinct {elec, +Inv rC++ Int+4}
   (You found it in a Gauntlet)

   Occasionally, upon striking a foe, it will discharge some electrical energy
   and cause terrible harm.
   It affects your intelligence (+4).
   It greatly protects you from cold.
   It lets you turn invisible.
 q - the +7 spear of Satzishrur {pain, +Rage Str+10 Int-4 Dex-4}
   (You found it on level 8 of the Dungeon)

   In the hands of one skilled in necromantic magic, it inflicts extra damage on
   living creatures.
   It affects your strength (+10).
   It affects your intelligence (-4).
   It affects your dexterity (-4).
   It lets you go berserk.
 X - the +4 hand crossbow of Skirmishing {venom, rPois rN+ Dex+2 SInv}
   (You bought it in a shop on level 1 of the Orcish Mines)

   It poisons the ammo it fires.
   It affects your dexterity (+2).
   It protects you from poison.
   It protects you from negative energy.
   It lets you see invisible.
Missiles
 c - 8 curare-tipped darts
 g - 18 javelins (quivered)
 p - 157 bolts
 D - 2 atropa-tipped darts
Armour
 i - the +4 scale mail of Corupeuf (worn) {*Drain MP+9 Dex+5}
   (You found it on level 11 of the Dungeon)

   It affects your dexterity (+5).
   It affects your magic capacity (+9).
   It causes draining when unequipped.
 z - a +2 kite shield of cold resistance
 J - a +2 helmet (worn)
 P - a +0 pair of boots (worn)
 Y - a scarf of invisibility (worn)
Jewellery
 o - the ring of the Mage {Wiz MR++ Int+3}
   (You found it in a Gauntlet)

   [ring of wizardry]

   It improves your spell success rate.
   It affects your intelligence (+3).
   It affects your resistance to hostile enchantments.
 A - a +4 ring of protection
 I - the ring of Fored (left hand) {*Contam rF++ rC+ rN+ MR+ Str+6}
   (You took it off an orc on level 7 of the Dungeon)

   [ring of strength]

   It affects your strength (+6).
   It greatly protects you from fire.
   It protects you from cold.
   It protects you from negative energy.
   It affects your resistance to hostile enchantments.
   It causes magical contamination when unequipped.
 K - the ring "Ittyor" {+Fly Int+3}
   (You found it on level 7 of the Dungeon)

   [ring of flight]

   It affects your intelligence (+3).
   It lets you fly.
 L - the ring of Phasing (right hand) {EV+8}
   (You found it on level 8 of the Dungeon)

   [ring of evasion]

   It affects your evasion (+8).
 O - the amulet of Lady Luck (around neck) {Faith rF+}
   (You found it on level 9 of the Dungeon)

   [amulet of faith]

   It allows you to gain divine favour quickly.
   It protects you from fire.
 S - an uncursed ring of resist corrosion
Wands
 e - a wand of random effects (15)
 f - a wand of paralysis (10)
 r - a wand of iceblast (60)
 w - a wand of disintegration (13)
 G - a wand of acid (48)
 Q - a wand of digging (18)
 U - a wand of flame (58)
Scrolls
 h - 5 scrolls of immolation
 j - 9 scrolls of remove curse
 k - 4 scrolls of fear
 l - 4 scrolls of enchant armour
 m - 5 scrolls of enchant weapon
 n - 4 scrolls of fog
 t - a scroll of holy word
 u - 5 scrolls of teleportation
 x - 6 scrolls of magic mapping
 y - a scroll of torment
 E - 2 scrolls of blinking
 R - 2 scrolls of summoning
Potions
 s - 6 potions of curing
 v - 4 potions of might
 B - 3 potions of lignification
 C - 4 potions of haste
 F - 6 potions of heal wounds
 H - 4 potions of invisibility
 M - 2 potions of resistance
 T - 4 potions of mutation
 V - a potion of ambrosia
 W - a potion of cancellation
Miscellaneous
 N - a lightning rod (4/4)
 Z - a condenser vane (2/2)


   Skills:
 + Level 10.8 Fighting
 + Level 10.4 Short Blades
 + Level 10.4 Long Blades
 + Level 10.4 Axes
 + Level 10.4 Maces & Flails
 + Level 10.4 Polearms
 + Level 10.4 Staves
 + Level 10.4 Slings
 + Level 10.4 Bows
 + Level 11.3 Crossbows
 + Level 10.8 Throwing
 + Level 10.4 Armour
 + Level 10.4 Dodging
 + Level 10.4 Stealth
 + Level 10.4 Shields
 + Level 10.4 Unarmed Combat
 + Level 14.6 Spellcasting
 + Level 8.8 Conjurations
 + Level 8.8 Hexes
 + Level 8.8 Summonings
 + Level 8.8 Necromancy
 + Level 8.8 Translocations
 + Level 8.8 Transmutations
 + Level 8.8 Fire Magic
 + Level 8.8 Ice Magic
 + Level 8.8 Air Magic
 + Level 8.8 Earth Magic
 + Level 8.8 Poison Magic
 + Level 11.3 Invocations
 + Level 10.8 Evocations


You had 22 spell levels left.
You knew the following spells:

 Your Spells              Type           Power        Failure   Level
a - Swiftness             Air            #####...     1%          2
b - Airstrike             Air            #####.....   2%          4
c - Ensorcelled Hibernat  Hex/Ice        #####.       1%          2
d - Petrify               Tmut/Erth      #####...     2%          4
e - Silence               Hex/Air        #####.....   7%          5
f - Fireball              Conj/Fire      #####.....   7%          5

Your spell library contained the following spells:

 Spells                   Type           Power        Failure   Level
 Corona                   Hex            #####..      1%          1
 Foxfire                  Conj/Fire      ####         1%          1
 Freeze                   Ice            ####         1%          1
 Magic Dart               Conj           ####         1%          1
 Shock                    Conj/Air       ####         1%          1
 Blink                    Tloc           N/A          1%          2
 Call Imp                 Summ           #####...     1%          2
 Slow                     Hex            #####...     1%          2
 Confusing Touch          Hex            #####...     1%          3
 Conjure Flame            Conj/Fire      #####...     1%          3
 Dazzling Flash           Conj/Hex       #####.       1%          3
 Frozen Ramparts          Ice            #####.       1%          3
 Gell's Gravitas          Tloc           #####.....   1%          3
 Inner Flame              Hex/Fire       #####...     1%          3
 Mephitic Cloud           Conj/Pois/Air  #####...     1%          3
 Ozocubu's Armour         Ice            #####...     1%          3
 Static Discharge         Conj/Air       #####...     1%          3
 Tukima's Dance           Hex            #####...     1%          3
 Cause Fear               Hex            #####.....   2%          4
 Hailstorm                Conj/Ice       #####...     2%          4
 Sticky Flame             Conj/Fire      #####...     2%          4
 Summon Ice Beast         Ice/Summ       #####...     2%          4
 Lightning Bolt           Conj/Air       #####.....   7%          5
 Metabolic Englaciation   Hex/Ice        #####.....   7%          5
 Yara's Violent Unravell  Hex/Tmut       #####.....   7%          5
 Discord                  Hex            #####.....   100%        8


Dungeon Overview and Level Annotations

Branches:
Dungeon (14/15)            Temple (1/1) D:4            Lair (6/6) D:10
 Shoals (0/4) Lair:3        Snake (0/4) Lair:3        Slime (0/5) Lair:5
    Orc (2/2) D:11            Elf (0/3) Orc:2        Bailey (visited)
Gauntlet (visited)
 Vaults: D:13-14

Altars:
Ashenzari
Cheibriados
Dithmenos
Fedhas
Gozag
Hepliaklqana
Nemelex Xobeh
Qazlal
Ru
Sif Muna
Trog
Wu Jian
Xom
Yredelemnul
Beogh

Shops:
D:5 }   D:9 (}   Orc:1 ***   Orc:2 =(*[

Annotations:
D:7 1 runed translucent door


Innate Abilities, Weirdness & Mutations

Your experience applies equally to all skills.
You have very sharp teeth.
Your uncanny sense of smell can sniff out nearby items.
You have large cloven feet.
Your flesh is heat resistant. (rF+)
Your magical capacity is low. (-10% MP)


Message History

You slash the cyan ugly thing! You slash the brown ugly thing!
The death knight completely misses you. The fire dragon bites you.
The fire dragon claws you. The fire dragon misses you.
The brown ugly thing misses you.
The cyan ugly thing completely misses you.
The cyan ugly thing gores you! The cyan ugly thing shocks you!
* * * LOW HITPOINT WARNING * * *
Okay, then.
A briar patch grows up from the ground. x3
The brown ugly thing closely misses you.
The fire dragon closely misses you. x2; The fire dragon misses you.
The cyan ugly thing pecks you.
* * * LOW HITPOINT WARNING * * *
The cyan ugly thing shocks you!
* * * LOW HITPOINT WARNING * * *
The cyan ugly thing gores you!
* * * LOW HITPOINT WARNING * * *
The cyan ugly thing shocks you!
You die...
Fedhas appreciates your contribution to the ecosystem.

.............#.
..............$$$.
.##.............$_$.
..#.$..........($$$#
...................#
...........<...a...
.##.....D........Z..
.......uupZ.........
.......P@u5.........
.......PPD...###....
..........#..# ....
.........###...# .D.
###....... ..... ..
#.......# ##
........##
..........
.......###


You could see a fire dragon, a death knight, 3 ugly things, an acid dragon, a
quasit and a centaur warrior zombie.

Vanquished Creatures
  Kirke (Lair:6)
  A minotaur (Gauntlet)
  Josephine (Lair:4)
  12 hydras
  2 catoblepae
  Erica (D:8)
  3 two-headed ogres
  A centaur warrior (D:9)
  The ghost of jlumianski the Slicer, a journeyman KoBe of Trog (D:9)
  A queen ant (Gauntlet)
  4 orc high priests
  A tengu warrior (D:11)
  3 skeletal warriors (D:12)
  A wolf spider (D:7)
  4 orc knights
  An orb spider (shapeshifter) (D:13)
  6 orc sorcerers
  9 ugly things
  3 cyclopes
  6 manticores
  2 black mambas
  2 moths of wrath
  Maurice (D:8)
  4 elephants (Lair:6)
  A guardian serpent (Lair:3)
  11 cane toads
  Maggie (D:9)
  3 kobold demonologists
  A rime drake (Lair:5)
  2 minotaur zombies (Gauntlet)
  10 komodo dragons
  4 meliai
  3 trolls
  A meliai (shapeshifter) (D:13)
  5 hornets
  8 polar bears
  3 blink frogs (Lair:3)
  A meliai zombie (D:12)
  6 slime creatures
  8 hippogriffs
  6 dream sheep
  5 wyverns
  14 spriggans (Lair:6)
  4 shadows (Gauntlet)
  2 redbacks (Gauntlet)
  56 yaks
  4 wraiths
  4 basilisks
  Eustachio (D:4)
  Grum (D:8)
  6 hogs (Lair:6)
  7 vampire mosquitoes
  A steam dragon (D:11)
  2 wargs
  4 soldier ants (Gauntlet)
  2 acid dragons
  16 water moccasins
  9 porcupines
  3 black bears (Lair:6)
  A hornet zombie (D:11)
  34 orc warriors
  A sky beast (D:7)
  A necrophage (D:7)
  4 ice beasts
  A phantom (D:7)
  16 ogres
  18 wolves
  4 boggarts (Lair:6)
  9 centaurs
  25 crocodiles
  4 big kobolds
  A wyvern zombie (D:12)
  17 bullfrogs
  2 gnoll sergeants (D:9)
  5 scorpions
  9 killer bees
  4 electric eels
  8 wights (D:13)
  5 howler monkeys
  7 jellies
  A quasit (D:12)
  2 bullfrog zombies
  7 hounds
  3 bullfrog skeletons
  26 orc priests
  6 centaur skeletons
  3 gnoll shamans (D:9)
  31 orc wizards
  5 iguanas
  8 worker ants
  A hell rat (Lair:6)
  2 hound zombies
  A hound skeleton (D:9)
  A howler monkey zombie (D:11)
  Robin (D:4)
  25 gnolls
  16 adders
  2 river rats (Lair:6)
  3 shadow imps
  A white imp (D:10)
  2 ufetubi (D:7)
  An ooze (D:4)
  2 adder skeletons
  7 worms
  2 leopard geckos
  83 orcs
  10 giant cockroaches
  18 goblins
  24 hobgoblins
  26 jackals
  9 quokkas
  2 ball pythons
  7 bats
  3 frilled lizards
  18 kobolds
  13 rats
834 creatures vanquished.

Vanquished Creatures (collateral kills)
  Rupert (Orc:2)
  An orc warlord (Orc:2)
  An orc sorcerer (Orc:2)
  2 orc warriors (Orc:2)
  2 orc priests (Orc:2)
  2 orc wizards (Orc:2)
  3 orcs (Orc:2)
  10 ballistomycete spores
22 creatures vanquished.

Vanquished Creatures (others)
  2 oklob plants
  A yak (Lair:5)
  A human (Lair:6)
  A wolf (Lair:5)
  A phantom (D:7)
  An orc priest (Orc:2)
  2 orcs
  A jackal skeleton (D:5)
  52 fungi
  66 plants
128 creatures vanquished.

Grand Total: 984 creatures vanquished

Notes
Turn   | Place    | Note
-------+----------+-------------------------------------------
     0 | D:1      | Reached skill level 11 in Spellcasting
     0 | D:1      | flotson the Gnoll Wanderer began the quest for the Orb.
     0 | D:1      | flotson set off with the following items: a +2 dagger, 3
                  | curare-tipped darts, a +0 hand crossbow, 22 bolts, a wand
                  | of random effects (15), a +0 robe
     0 | D:1      | Reached XP level 1. HP: 17/17 MP: 12/12
   233 | D:1      | Reached XP level 2. HP: 23/23 MP: 14/14
   577 | D:1      | Reached XP level 3. HP: 28/28 MP: 15/15
   774 | D:2      | You fall into a shaft and drop 2 floors!
   784 | D:4      | Noticed an ogre
   813 | D:4      | Killed an ogre
   813 | D:4      | Reached skill level 1 in Short Blades
   813 | D:4      | Reached skill level 1 in Long Blades
   813 | D:4      | Reached skill level 1 in Axes
   813 | D:4      | Reached skill level 1 in Maces & Flails
   813 | D:4      | Reached skill level 1 in Polearms
   813 | D:4      | Reached skill level 1 in Staves
   813 | D:4      | Reached skill level 1 in Slings
   813 | D:4      | Reached skill level 1 in Bows
   813 | D:4      | Reached skill level 1 in Armour
   813 | D:4      | Reached skill level 1 in Dodging
   813 | D:4      | Reached skill level 1 in Stealth
   813 | D:4      | Reached skill level 1 in Shields
   813 | D:4      | Reached skill level 1 in Unarmed Combat
   813 | D:4      | Reached skill level 1 in Conjurations
   813 | D:4      | Reached skill level 1 in Hexes
   813 | D:4      | Reached skill level 1 in Summonings
   813 | D:4      | Reached skill level 1 in Necromancy
   813 | D:4      | Reached skill level 1 in Translocations
   813 | D:4      | Reached skill level 1 in Transmutations
   813 | D:4      | Reached skill level 1 in Fire Magic
   813 | D:4      | Reached skill level 1 in Ice Magic
   813 | D:4      | Reached skill level 1 in Air Magic
   813 | D:4      | Reached skill level 1 in Earth Magic
   813 | D:4      | Reached skill level 1 in Poison Magic
   813 | D:4      | Reached skill level 1 in Invocations
   813 | D:4      | Reached XP level 4. HP: 9/34 MP: 17/17
  1206 | D:4      | Reached XP level 5. HP: 34/40 MP: 18/18
  1802 | D:2      | Found a faded altar of an unknown god.
  2387 | D:3      | Reached XP level 6. HP: 47/47 MP: 20/20
  2844 | D:4      | Reached skill level 5 in Crossbows
  2873 | D:4      | Gained mutation: You have large cloven feet. [potion of
                  | mutation]
  2873 | D:4      | Gained mutation: Your magical capacity is low. (-10% MP)
                  | [potion of mutation]
  2873 | D:4      | Gained mutation: Your flesh is heat resistant. (rF+)
                  | [potion of mutation]
  3251 | D:4      | Noticed Robin
  3252 | D:4      | Found a staircase to the Ecumenical Temple.
  3464 | Temple   | Entered the Ecumenical Temple
  3515 | Temple   | Became a worshipper of Fedhas Madash
  3615 | D:4      | Noticed Eustachio
  3654 | D:4      | Killed Eustachio
  3654 | D:4      | Reached XP level 7. HP: 49/52 MP: 19/19
  3749 | D:4      | Killed Robin
  3912 | D:4      | Found a sacrificial altar of Ru.
  4318 | D:5      | Entered Level 5 of the Dungeon
  4740 | D:4      | Reached * piety under Fedhas
  4787 | D:5      | Reached XP level 8. HP: 43/60 MP: 17/21
  5976 | D:5      | Found Emuf Qai's Gadget Shop.
  6543 | D:6      | Reached ** piety under Fedhas
  6808 | D:6      | Reached XP level 9. HP: 38/66 MP: 14/22
  7416 | D:7      | Found an ornate altar of the Wu Jian Council.
  7726 | D:7      | Noticed a cyclops
  7733 | D:7      | Identified the ring of Fored {*Contam rF++ rC+ rN+ MR+
                  | Str+6}
  7734 | D:7      | Reached skill level 5 in Fighting
  7734 | D:7      | Reached skill level 5 in Throwing
  7734 | D:7      | Reached skill level 5 in Evocations
  7738 | D:7      | Identified the amulet of Dyddoac {rC++ Regen+ Str+5 Dex-5}
  7743 | D:7      | Killed a cyclops
  7774 | D:7      | Noticed a brown ugly thing
  8464 | D:7      | Reached skill level 5 in Invocations
  8514 | D:7      | Found a runed translucent door.
  8515 | D:7      | Noticed a wolf spider
  8526 | D:7      | Reached skill level 12 in Spellcasting
  8531 | D:7      | Got a clouded platinum ring
  8534 | D:7      | Identified the ring "Ittyor" {+Fly Int+3} (You found it on
                  | level 7 of the Dungeon)
  8542 | D:7      | Got a coiled sapphire amulet
  8553 | D:7      | Identified the amulet of Huclotwu {Inacc Fragile rF+ Int+4
                  | Dex+6} (You found it on level 7 of the Dungeon)
  8629 | D:7      | Noticed a red ugly thing
  8631 | D:7      | Found a runed translucent door.
  8631 | D:7      | Found a runed translucent door.
  8689 | D:7      | Got a masterwork broad axe
  8690 | D:7      | Identified the +11 broad axe of Zimo {protect, Int+4 Dex-3
                  | SInv} (You found it on level 7 of the Dungeon)
  8739 | D:7      | Killed a brown ugly thing
  8739 | D:7      | Reached XP level 10. HP: 44/75 MP: 23/23
  8914 | D:7      | Killed a wolf spider
  8914 | D:7      | Reached *** piety under Fedhas
  8914 | D:7      | Reached skill level 5 in Short Blades
  8914 | D:7      | Reached skill level 5 in Long Blades
  8914 | D:7      | Reached skill level 5 in Axes
  8914 | D:7      | Reached skill level 5 in Maces & Flails
  8914 | D:7      | Reached skill level 5 in Polearms
  8914 | D:7      | Reached skill level 5 in Staves
  8914 | D:7      | Reached skill level 5 in Slings
  8914 | D:7      | Reached skill level 5 in Bows
  8914 | D:7      | Reached skill level 5 in Armour
  8914 | D:7      | Reached skill level 5 in Dodging
  8914 | D:7      | Reached skill level 5 in Stealth
  8914 | D:7      | Reached skill level 5 in Shields
  8914 | D:7      | Reached skill level 5 in Unarmed Combat
  8922 | D:7      | Killed a red ugly thing
  9099 | D:8      | Found the ring of Phasing {EV+8}
  9168 | D:8      | Noticed Maurice
  9180 | D:8      | Killed Maurice
  9228 | D:8      | Learned a level 2 spell: Swiftness
  9322 | D:8      | Noticed a moth of wrath
  9325 | D:8      | Found a bloodstained altar of Trog.
  9341 | D:8      | Got a smoking spear
  9342 | D:8      | Identified the +7 spear of Satzishrur {pain, +Rage Str+10
                  | Int-4 Dex-4} (You found it on level 8 of the Dungeon)
  9413 | D:8      | Noticed Grum
  9446 | D:8      | Killed Grum
  9454 | D:8      | Reached **** piety under Fedhas
  9642 | D:8      | Paralysed by a hornet for 2 turns
  9672 | D:8      | Noticed Erica
  9688 | D:8      | Killed Erica
  9688 | D:8      | Reached XP level 11. HP: 83/83 MP: 24/24
  9968 | D:9      | Reached skill level 5 in Conjurations
  9968 | D:9      | Reached skill level 5 in Hexes
  9968 | D:9      | Reached skill level 5 in Summonings
  9968 | D:9      | Reached skill level 5 in Necromancy
  9968 | D:9      | Reached skill level 5 in Translocations
  9968 | D:9      | Reached skill level 5 in Transmutations
  9968 | D:9      | Reached skill level 5 in Fire Magic
  9968 | D:9      | Reached skill level 5 in Ice Magic
  9968 | D:9      | Reached skill level 5 in Air Magic
  9968 | D:9      | Reached skill level 5 in Earth Magic
  9968 | D:9      | Reached skill level 5 in Poison Magic
  9986 | D:9      | Noticed Maggie
 10000 | D:9      | Killed Maggie
 10175 | D:9      | Found a transporter.
 10179 | D:9      | Noticed jlumianski's ghost (journeyman KoBe)
 10181 | D:9      | Noticed a catoblepas
 10185 | D:9      | Found Aqyighub's Gadget Shoppe.
 10226 | D:9      | Found Seshrisk's Antique Weapon Boutique.
 10272 | D:9      | Found a transporter.
 10275 | D:9      | Noticed a moth of wrath
 10429 | D:9      | Reached ***** piety under Fedhas
 10561 | D:9      | Noticed a cyclops
 10587 | D:9      | Noticed a brown ugly thing
 10598 | D:9      | Killed a brown ugly thing
 10604 | D:9      | Noticed a centaur warrior
 10611 | D:9      | Killed a centaur warrior
 10615 | D:9      | Killed a cyclops
 10991 | D:9      | Killed jlumianski's ghost
 11032 | D:9      | Killed a catoblepas
 11073 | D:9      | Killed a moth of wrath
 11073 | D:9      | Reached XP level 12. HP: 69/91 MP: 25/25
 11190 | D:9      | Got a translucent tin amulet
 11203 | D:9      | Identified the amulet of Lady Luck {Faith rF+} (You found
                  | it on level 9 of the Dungeon)
 11223 | D:10     | Entered Level 10 of the Dungeon
 11459 | D:10     | Reached skill level 13 in Spellcasting
 11809 | D:10     | Learned a level 4 spell: Airstrike
 11812 | D:10     | Learned a level 2 spell: Ensorcelled Hibernation
 11817 | D:10     | Learned a level 4 spell: Petrify
 11832 | D:10     | Found a staircase to the Lair.
 12546 | D:10     | Noticed a catoblepas
 12568 | D:10     | Killed a catoblepas
 12885 | Lair:1   | Entered Level 1 of the Lair of Beasts
 13910 | Lair:2   | Reached ****** piety under Fedhas
 14155 | Lair:2   | Noticed an eight-headed hydra
 14171 | Lair:2   | Killed a six-headed hydra
 14395 | Lair:2   | Noticed a six-headed hydra
 14403 | Lair:2   | Killed a two-headed hydra
 14661 | Lair:3   | Reached XP level 13. HP: 79/98 MP: 27/27
 14833 | Lair:3   | Found a staircase to the Snake Pit.
 15038 | Lair:3   | Found a staircase to the Shoals.
 16393 | Lair:4   | Noticed Josephine
 16412 | Lair:4   | Killed Josephine
 17624 | Lair:5   | Found a staircase to the Slime Pits.
 18024 | Lair:5   | Got a coiled marble ring
 18026 | Lair:5   | Identified the ring "Quwufuas" {Fire rPois} (You found it
                  | on level 5 of the Lair of Beasts)
 18342 | Lair:6   | Entered Level 6 of the Lair of Beasts
 19001 | Lair:6   | Reached XP level 14. HP: 105/108 MP: 28/28
 19033 | Lair:6   | Reached skill level 10 in Crossbows
 20085 | Lair:6   | Reached skill level 10 in Invocations
 20309 | Lair:6   | Noticed Kirke
 20320 | Lair:6   | Noticed a sphinx
 20327 | Lair:6   | Killed Kirke
 20327 | Lair:6   | Reached skill level 14 in Spellcasting
 21283 | D:11     | Found a gate leading to a gauntlet.
 21314 | Gauntlet | Entered a Gauntlet
 21314 | Gauntlet | Found a transporter.
 21314 | Gauntlet | Found a transporter.
 21315 | Gauntlet | Found a transporter.
 21315 | Gauntlet | Found a transporter.
 21318 | Gauntlet | Found a transporter.
 21318 | Gauntlet | Found a transporter.
 21320 | Gauntlet | Found a large runed translucent door.
 21321 | Gauntlet | Found a large runed translucent door.
 21322 | Gauntlet | Found a large runed translucent door.
 21322 | Gauntlet | Found a large runed translucent door.
 21322 | Gauntlet | Found a runed translucent door.
 21323 | Gauntlet | Found a large runed translucent door.
 21324 | Gauntlet | Found a large runed translucent door.
 21325 | Gauntlet | Found a large runed translucent door.
 21325 | Gauntlet | Found a large runed translucent door.
 21326 | Gauntlet | Found a runed translucent gate.
 21332 | Gauntlet | Found a transporter.
 21333 | Gauntlet | Found a transporter.
 21342 | Gauntlet | Found a transporter.
 21344 | Gauntlet | Found the ring of the Mage {Wiz MR++ Int+3}
 21347 | Gauntlet | Found a transporter.
 21366 | Gauntlet | Found a transporter.
 21370 | Gauntlet | Found a transporter.
 21372 | Gauntlet | Found a runed translucent gate.
 21372 | Gauntlet | Found a runed translucent gate.
 21373 | Gauntlet | Found a large runed translucent door.
 21373 | Gauntlet | Found a large runed translucent door.
 21374 | Gauntlet | Found a large runed translucent door.
 21375 | Gauntlet | Found a large runed translucent door.
 21376 | Gauntlet | Found a large runed translucent door.
 21376 | Gauntlet | Found a large runed translucent door.
 21376 | Gauntlet | Found a runed translucent door.
 21377 | Gauntlet | Found a large runed translucent door.
 21378 | Gauntlet | Found a large runed translucent door.
 21849 | Gauntlet | Got a jewelled dagger
 21850 | Gauntlet | Identified the +6 dagger "Xokegg" {freeze, Dex+3} (You
                  | found it in a Gauntlet)
 22023 | Gauntlet | Got a slimy whip
 22024 | Gauntlet | Identified the +4 whip of Instinct {elec, +Inv rC++ Int+4}
                  | (You found it in a Gauntlet)
 22405 | D:11     | Got a steaming scale mail
 22416 | D:11     | Identified the +4 scale mail of Corupeuf {*Drain MP+9
                  | Dex+5} (You found it on level 11 of the Dungeon)
 22522 | D:11     | Reached skill level 10 in Fighting
 22522 | D:11     | Reached skill level 10 in Throwing
 22522 | D:11     | Reached skill level 10 in Evocations
 22668 | D:11     | Found a staircase to the Orcish Mines.
 22945 | Orc:1    | Entered Level 1 of the Orcish Mines
 22945 | Orc:1    | Found Puekh's Assorted Antiques.
 22958 | Orc:1    | Reached XP level 15. HP: 109/115 MP: 29/29
 23091 | Orc:1    | Bought a scroll of identify for 60 gold pieces
 23352 | Orc:2    | Entered Level 2 of the Orcish Mines
 23356 | Orc:2    | Found a staircase to the Elven Halls.
 23642 | Orc:2    | Found a roughly hewn altar of Beogh.
 24215 | Orc:2    | Noticed an orc warlord
 24237 | Orc:2    | Killed an orc warlord
 24408 | Orc:2    | Noticed Rupert
 24432 | Orc:2    | Killed Rupert
 24515 | Orc:2    | Reached skill level 10 in Short Blades
 24515 | Orc:2    | Reached skill level 10 in Long Blades
 24515 | Orc:2    | Reached skill level 10 in Axes
 24515 | Orc:2    | Reached skill level 10 in Maces & Flails
 24515 | Orc:2    | Reached skill level 10 in Polearms
 24515 | Orc:2    | Reached skill level 10 in Staves
 24515 | Orc:2    | Reached skill level 10 in Slings
 24515 | Orc:2    | Reached skill level 10 in Bows
 24515 | Orc:2    | Reached skill level 10 in Armour
 24515 | Orc:2    | Reached skill level 10 in Dodging
 24515 | Orc:2    | Reached skill level 10 in Stealth
 24515 | Orc:2    | Reached skill level 10 in Shields
 24515 | Orc:2    | Reached skill level 10 in Unarmed Combat
 24687 | Orc:2    | Found Facvid's General Store.
 24688 | Orc:2    | Found Mukeg's Jewellery Shoppe.
 24689 | Orc:2    | Found Plog's Antique Armour Emporium.
 24689 | Orc:2    | Found Effe's Antique Weapon Emporium.
 24703 | Orc:2    | Bought a scroll of identify for 32 gold pieces
 24703 | Orc:2    | Bought a scroll of identify for 32 gold pieces
 24866 | Orc:1    | Found Legojut's Assorted Antiques.
 24887 | Orc:1    | Found Sokyabegg's Assorted Antiques.
 24950 | Orc:1    | Bought a scroll labeled JEARAVASES for 34 gold pieces
 25079 | Orc:1    | Bought a smoking hand crossbow for 255 gold pieces
 25079 | Orc:1    | Identified the +4 hand crossbow of Skirmishing {venom,
                  | rPois rN+ Dex+2 SInv} (You bought it in a shop on level 1
                  | of the Orcish Mines)
 25134 | Orc:2    | Bought a runed scarf for 224 gold pieces
 25153 | Orc:2    | Bought a scroll of identify for 32 gold pieces
 25484 | D:12     | Found a flagged portal.
 25492 | Bailey   | Entered a bailey
 25534 | Bailey   | Found an iron altar of Okawaru.
 25831 | Bailey   | Got a garnet-studded ring mail
 26461 | D:12     | Identified the +5 ring mail of Lethargy {Str+6} (You found
                  | it in a bailey)
 26671 | D:12     | Learned a level 5 spell: Silence
 26677 | D:12     | Learned a level 5 spell: Fireball
 27818 | D:13     | Acquired the +6 arbalest "Damnation" {damnation}
 27819 | D:13     | Found the +6 arbalest "Damnation" {damnation}
 27899 | D:14     | Found an opulent altar of Gozag.
 27933 | D:14     | Reached XP level 16. HP: 123/124 MP: 31/31
 27938 | D:14     | Mangled by a cyan ugly thing

Illustrated notes

Levels and vault maps discovered:
D:1:      dpeg_arrival_shrine, layout_rooms
D:2:      layout_rooms, chequers_ecumenical_altar_island
D:3:      layout_rooms, serial_glass, glass_columns_a, glass_columns_c
D:4:      layout_rooms, temple_hall, hangedman_ru_absence, uniq_eustachio,
          uniq_robin
D:5:      layout_basic, serial_shops, kennysheep_mini, st_stairs_3
D:6:      layout_basic
D:7:      minmay_the_grid_triangle_9x9_recursive_2
          [minmay_the_grid_triangle_9x9_prize_special,
          minmay_the_grid_triangle_9x9_dagger,
          minmay_the_grid_triangle_9x9_fully_insulated_deathbox,
          minmay_the_grid_triangle_9x9_windchime], layout_gridville,
          overflow_temple_1_default
D:8:      layout_loops_ring, tgw_trog, uniq_maurice, uniq_erica, uniq_grum
D:9:      minmay_chambers_of_sevens, layout_cave_pools, serial_gnoll_camp,
          gnoll_camp_huts_basic, gnoll_camp_mini_hut, gnoll_camp_mini_shop,
          gnoll_camp_mini_basic, gammafunk_ghost_berserking_beasts,
          serial_shops, nicolae_shop_trees, uniq_maggie
D:10:     nzn_motion_control, layout_irregular_city, minmay_lair_entry_grove
D:11:     layout_basic, orc_0_dummy, gauntlet_entry_generic
D:12:     layout_irregular_city, enter_bailey_3
D:13:     layout_rooms
D:14:     layout_cave_pools, david_vaults_1, nicolae_gozag_seed_capital
Temple:   minmay_crystal_snake_temple
Lair:1:   layout_long_grid, small_statue_intersection,
          infiniplex_staircase_pool_2
Lair:2:   layout_chaotic_city, hangedman_lair_unloving_vines
Lair:3:   layout_gridlike, minmay_shoals_entry_centaurs,
          minmay_snake_entry_spellcaster, minivault_24
Lair:4:   layout_regular_city, st_stairs_12, uniq_josephine
Lair:5:   layout_misc_corridors, minmay_slime_entry_pillars,
          beast_lair_carwin_1, minmay_lair_oklob_chamber
Lair:6:   minmay_lair_end_enchanted_forest, layout_cave_pods,
          kennysheep_abandoned_house, lemuel_fruit_fields, uniq_kirke
Orc:1:    layout_caves, serial_shops, shop, shop, shop, nicolae_orc_lava_room
Orc:2:    st_orc_congregation, layout_diamond_mine, basic_altar, uniq_rupert

Skill      XL: |  1  2  3  4  5  6  7  8  9 10 11 12 13 14 15 |
---------------+----------------------------------------------+-----
Spellcasting   | 12 13 14 | 14.6
Short Blades   | 1 2 3 4 5 6 7 8 9 10 | 10.4
Long Blades    | 1 2 3 4 5 6 7 8 9 10 | 10.4
Axes           | 1 2 3 4 5 6 7 8 9 10 | 10.4
Maces & Flails | 1 2 3 4 5 6 7 8 9 10 | 10.4
Polearms       | 1 2 3 4 5 6 7 8 9 10 | 10.4
Staves         | 1 2 3 4 5 6 7 8 9 10 | 10.4
Slings         | 1 2 3 4 5 6 7 8 9 10 | 10.4
Bows           | 1 2 3 4 5 6 7 8 9 10 | 10.4
Armour         | 1 2 3 4 5 6 7 8 9 10 | 10.4
Dodging        | 1 2 3 4 5 6 7 8 9 10 | 10.4
Stealth        | 1 2 3 4 5 6 7 8 9 10 | 10.4
Shields        | 1 2 3 4 5 6 7 8 9 10 | 10.4
Unarmed Combat | 1 2 3 4 5 6 7 8 9 10 | 10.4
Conjurations   | 1 2 3 4 5 6 7 8 |  8.8
Hexes          | 1 2 3 4 5 6 7 8 |  8.8
Summonings     | 1 2 3 4 5 6 7 8 |  8.8
Necromancy     | 1 2 3 4 5 6 7 8 |  8.8
Translocations | 1 2 3 4 5 6 7 8 |  8.8
Transmutations | 1 2 3 4 5 6 7 8 |  8.8
Fire Magic     | 1 2 3 4 5 6 7 8 |  8.8
Ice Magic      | 1 2 3 4 5 6 7 8 |  8.8
Air Magic      | 1 2 3 4 5 6 7 8 |  8.8
Earth Magic    | 1 2 3 4 5 6 7 8 |  8.8
Poison Magic   | 1 2 3 4 5 6 7 8 |  8.8
Invocations    | 1 2 3 4 5 6 7 8 9 10 11 | 11.3
Fighting       | 3 4 5 6 7 8 9 10 | 10.8
Throwing       | 3 4 5 6 7 8 9 10 | 10.8
Evocations     | 3 4 5 6 7 8 9 10 | 10.8
Crossbows      | 5 6 7 8 9 10 11 | 11.3

Action                   |  1- 3 |  4- 6 |  7- 9 | 10-12 | 13-15 | 16-18 || total
-------------------------+-------+-------+-------+-------+-------+-------++-------
Melee: Dagger            |     7 |   194 |   119 |       |       |       ||   320
       Bite              |     2 |    12 |    45 |    46 |   169 |     1 ||   275
       Punch             |       |     1 |     1 |       |       |       ||     2
       Kick              |       |    10 |   116 |    98 |       |       ||   224
       Mace              |       |       |   258 |       |       |       ||   258
       Broad axe         |       |       |     6 |   433 |  1113 |     4 ||  1556
       Scimitar          |       |       |       |     7 |    37 |       ||    44
       Spear             |       |       |       |       |    11 |       ||    11
 Fire: Hand crossbow     |    52 |    39 |   149 |     1 |    53 |       ||   294
       Arbalest          |       |       |       |       |     5 |       ||     5
Throw: Dart              |     2 |     8 |     7 |     5 |     1 |       ||    23
       Javelin           |       |       |       |       |    28 |       ||    28
 Cast: Airstrike         |       |       |       |       |     5 |       ||     5
Invok: Grow Ballistomyce |       |       |       |     1 |     4 |       ||     5
       Grow Oklob        |       |       |       |     1 |     3 |       ||     4
       Wall of Briars    |       |       |       |       |     1 |     1 ||     2
Evoke: Wand              |       |       |     1 |       |     3 |       ||     4
  Use: Potion            |       |     6 |       |     3 |     1 |       ||    10
       Scroll            |       |       |     9 |     5 |    20 |       ||    34
 Stab: Sleeping          |       |       |     1 |    19 |    24 |       ||    44
       Distracted        |       |       |       |     2 |     3 |       ||     5
       Confused          |       |       |       |     2 |       |       ||     2
       Invisible         |       |       |       |       |     2 |       ||     2
Armor: Robe              |     1 |       |       |       |       |       ||     1
       Leather armour    |       |     8 |       |       |       |       ||     8
       Ring mail         |       |    67 |   222 |    41 |       |       ||   330
       Skin              |       |     2 |       |       |       |       ||     2
       Acid dragon scale |       |       |       |    78 |   168 |       ||   246
       Scale mail        |       |       |       |       |   109 |     5 ||   114
Dodge: Dodged            |    17 |   121 |   284 |   382 |  1017 |    23 ||  1844
Block: Kite shield       |       |       |    84 |   306 |   959 |       ||  1349
       Rpst.: Scimitar   |       |       |       |     3 |     5 |       ||     8

Table legend: (Time is in decaauts)
 A = Elapsed time spent in this place.
 B = Non-inter-level travel time spent in this place.
 C = Inter-level travel time spent in this place.
 D = Time resting spent in this place.
 E = Time spent auto-exploring this place.
 F = Levels seen in this place.
 G = Mean time per level.
                   A        B        C        D        E       F      G
               +--------+--------+--------+--------+--------+-----+--------+
         Total |  28428 |  27260 |   1168 |   4266 |  16570 |  25 | 1137.1 |
       Dungeon |  16018 |  15418 |    600 |   2854 |   8548 |  14 | 1144.1 |
        Temple |     98 |     51 |     47 |      0 |     49 |   1 |   98.0 |
          Lair |   8528 |   8227 |    301 |    840 |   6002 |   6 | 1421.3 |
  Orcish Mines |   2304 |   2084 |    220 |    180 |   1257 |   2 | 1152.0 |
        Bailey |    574 |    574 |      0 |      0 |    387 |   1 |  574.0 |
      Gauntlet |    904 |    904 |      0 |    392 |    327 |   1 |  904.0 |
               +--------+--------+--------+--------+--------+-----+--------+

Top non-repeatable levels by time:
  Lair:6: 2653 daAuts
     D:4: 2223 daAuts
    D:10: 1704 daAuts
   Orc:2: 1668 daAuts
     D:5: 1487 daAuts
     D:7: 1464 daAuts
  Lair:4: 1392 daAuts
  Lair:5: 1342 daAuts
     D:9: 1310 daAuts
    D:12: 1310 daAuts
     D:6: 1292 daAuts
  Lair:3: 1287 daAuts
     D:3: 1013 daAuts
    D:11: 999 daAuts
     D:8: 995 daAuts
